 Dungeon Crawl Stone Soup version 0.18-b1-22-ge198996 (webtiles) character file.

126 Wooh the Slicer (level 5, 0/32 HPs)
             Began as a Kobold Fighter on May 4, 2016.
             Succumbed to an adder's poison
             ... on level 2 of the Dungeon.
             The game lasted 00:05:25 (1224 turns).

Wooh the Slicer (Kobold Fighter)                    Turns: 1224, Time: 00:05:25

Health: 0/32       AC:  9    Str: 16 (19) XL:     5   Next: 31%
Magic:  5/5        EV: 13    Int:  3 (6)  God:
Gold:   37         SH: 10    Dex: 27 (28) Spells: 0 memorised, 4 levels left

rFire  . . .     SeeInvis .     a - +0 rapier
rCold  + . .     Gourm    .     b - +0 scale mail
rNeg   . . .     Faith    .     c - +0 shield
rPois  .         Spirit   .     i - +0 helmet
rElec  .         Dismiss  .     (no cloak)
rCorr  .         Reflect  .     (no gloves)
SustAt .         Harm     .     (no boots)
MR     .....                    (no amulet)
Stlth  ++........               o - +6 ring of dexterity
                                e - ring of protection from cold

@: mighty, agile, lethally poisoned (0 -> -1), not resistant to hostile
enchantments, unstealthy
A: carnivore 3
a: no special abilities


You were on level 2 of the Dungeon.
You were very full.

You visited 1 branch of the dungeon, and saw 2 of its levels.

You collected 37 gold pieces.

Inventory:

Hand Weapons
 a - a +0 rapier (weapon)
Missiles
 r - 6 poisoned needles
 t - 41 sling bullets
Armour
 b - a +0 scale mail (worn)
 c - a +0 shield (worn)
 i - a +0 helmet (worn)
Jewellery
 e - a ring of protection from cold (left hand)
 j - an uncursed ring of fire
 o - a +6 ring of dexterity (right hand)
Scrolls
 g - a scroll of teleportation {unknown}
 k - a scroll of identify {unknown}
 l - a scroll of blinking {unknown}
 q - a scroll of recharging {unknown}
Potions
 p - a potion of degeneration
Comestibles
 f - 3 meat rations
 h - a slice of pizza
 m - 4 chunks of flesh


   Skills:
 - Level 3.2 Fighting
 + Level 11.6 Short Blades
 - Level 7.2 Armour
 - Level 2.4 Shields


You had 4 spell levels left.
You didn't know any spells.

Dungeon Overview and Level Annotations

Branches:
Dungeon (2/15)

Altars:


Innate Abilities, Weirdness & Mutations

You are small and have problems with some larger weapons.
You are carnivorous and can eat meat at any time.


Message History

The adder is heavily wounded.
The adder bites you but does no damage.
You closely miss the adder.
The adder is heavily wounded.
The adder completely misses you.
You miss the adder.
The adder is heavily wounded.
You block the adder's attack.
You puncture the adder!
You kill the adder!
* * * LOW HITPOINT WARNING * * *
You feel sick.
* * * LOW HITPOINT WARNING * * *
You feel sick.
* * * LOW HITPOINT WARNING * * *
You feel sick.
Found a short sword.
* * * LOW HITPOINT WARNING * * *
You feel sick.
You die...

#.############
#.............
###.##########
#...# ###.#
#.# #.#
#.###########
#.......@)..#
###########.#


There were no monsters in sight!

Vanquished Creatures
  3 adders (D:2)
  A worm (D:2)
  3 dart slugs
  3 bats
  2 giant cockroaches
  7 goblins
  A hobgoblin (D:1)
  2 jackals (D:1)
  5 kobolds
  A ball python (D:2)
  2 giant newts
  A rat (D:2)
31 creatures vanquished.

Notes
Turn   | Place    | Note
--------------------------------------------------------------
     0 | D:1      | Wooh the Kobold Fighter began the quest for the Orb.
     0 | D:1      | Reached XP level 1. HP: 14/14 MP: 1/1
     2 | D:1      | Noticed a vine stalker
     4 | D:1      | Noticed a halfling
     4 | D:1      | Noticed a demonspawn
     6 | D:1      | Noticed a merfolk
     6 | D:1      | Noticed a troll
     8 | D:1      | Noticed a spriggan
     8 | D:1      | Noticed a naga
    10 | D:1      | Noticed an octopode
    10 | D:1      | Noticed a vampire
    12 | D:1      | Noticed a tengu
    14 | D:1      | Noticed a minotaur
    16 | D:1      | Noticed a human
    16 | D:1      | Noticed a ghoul
    18 | D:1      | Noticed a centaur
    20 | D:1      | Noticed a formicid
    20 | D:1      | Noticed a dwarf
    22 | D:1      | Noticed an elf
    22 | D:1      | Noticed a demigod
    24 | D:1      | Noticed a draconian
    24 | D:1      | Noticed a gargoyle
    26 | D:1      | Noticed a felid
    26 | D:1      | Noticed an ogre
    40 | D:1      | Reached skill level 3 in Short Blades
    73 | D:1      | Reached XP level 2. HP: 14/19 MP: 2/2
   146 | D:1      | Reached skill level 4 in Short Blades
   543 | D:1      | Reached XP level 3. HP: 22/23 MP: 3/3
   679 | D:2      | Reached skill level 5 in Short Blades
  1121 | D:2      | Reached XP level 4. HP: 22/28 MP: 4/4
  1202 | D:2      | Reached skill level 11 in Short Blades
  1202 | D:2      | Reached XP level 5. HP: 5/32 MP: 5/5
  1220 | D:2      | HP: 1/32 [poisoned by an adder]
  1224 | D:2      | Succumbed to an adder's poison

Skill      XL: |  1  2  3  4 |
---------------+-------------+-----
Short Blades   | 3 4 5 11 | 11.6
Armour         | 7 |  7.2
Fighting       | |  3.2
Shields        | |  2.4

Action                   |  1- 3 |  4- 6 || total
-------------------------+-------+-------++-------
Melee: Rapier            |   122 |    29 ||   151
  Use: Potion            |       |     4 ||     4
  Eat: Chunk             |     8 |       ||     8
Armor: Scale mail        |    36 |     8 ||    44
Dodge: Dodged            |    24 |    11 ||    35
Block: Shield            |    48 |    15 ||    63
